 Dungeon Crawl Stone Soup version 0.24.0-13-gcf9b319 (webtiles) character file.

Game seed: 14109825530648648344, levelgen mode: deterministic

3190 Afromullet the Sneak (level 9, -2/66 HPs)
             Began as a Gnoll Enchanter on Feb 5, 2020.
             Was an Elder of Okawaru.
             Slain by a troll (6 damage)
             ... on level 10 of the Dungeon.
             The game lasted 00:44:59 (11479 turns).

Afromullet the Sneak (Gnoll Enchanter)             Turns: 11479, Time: 00:44:59

Health: -2/66      AC: 11    Str: 12    XL:     9   Next: 96%
Magic:  19/19      EV: 18    Int: 24    God:    Okawaru [****..]
Gold:   493        SH:  0    Dex: 20    Spells: 8/21 levels left

rFire    . . .     SeeInvis .   v - +2 flail (crush)
rCold    . . .     Gourm    .   (no shield)
rNeg     . . .     Faith    .   F - +0 ring mail (curse)
rPois    +         Spirit   .   K - +1 hat
rElec    .         Reflect  .   o - +0 cloak
rCorr    .         Harm     .   y - +0 pair of gloves
MR       .....                  i - +1 pair of boots
Stlth    +++.......             u - amulet "Julik" {RegenMP Dex+4}
HPRegen  0.21/turn              A - ring of poison resistance
MPRegen  0.41/turn              O - +3 ring of evasion

@: brilliant
A: distributed training, fangs 1, strong nose
a: Heroism, Renounce Religion


You were on level 10 of the Dungeon.
You worshipped Okawaru.
Okawaru was greatly pleased with you.
You were not hungry.

You visited 1 branch of the dungeon, and saw 11 of its levels.

You collected 493 gold pieces.

Inventory:

Hand Weapons
 a - a +2 dagger
 p - a +0 war axe
 v - a +2 flail of crushing (weapon)
 z - the +3 hunting sling "Gunom" {speed, +Fly rC++ Dex-4}
   (You found it on level 4 of the Dungeon)

   Attacks with this weapon are significantly faster.
   It affects your dexterity (-4).
   It greatly protects you from cold.
   It lets you fly.
 M - a +0 flail of holy wrath
 N - a +1 mace of protection
Missiles
 m - 4 javelins (quivered)
 x - 43 poisoned darts
Armour
 b - a +0 robe
 c - a +0 leather armour
 e - a +0 scale mail
 i - a +1 pair of boots (worn)
 o - a +0 cloak (worn)
 y - a +0 pair of gloves (worn)
 C - a +0 ring mail
 F - a cursed +0 ring mail (worn)
 G - a +0 robe
 K - a +1 hat (worn)
Magical Staves
 L - an uncursed staff of power {unknown}
Jewellery
 n - an uncursed amulet of rage
 u - the amulet "Julik" (around neck) {RegenMP Dex+4}
   (You found it on level 8 of the Dungeon)

   [amulet of magic regeneration]

   It increases your magic regeneration.
   It affects your dexterity (+4).
 w - an uncursed amulet of the acrobat
 A - a ring of poison resistance (left hand)
 O - a +3 ring of evasion (right hand)
Wands
 s - a wand of flame (19)
 I - a wand of polymorph (22)
Scrolls
 f - 4 scrolls of remove curse
 l - 2 scrolls of magic mapping
 q - 2 scrolls of enchant weapon
 r - 2 scrolls of enchant armour
 B - 2 scrolls of noise
 D - 2 scrolls of random uselessness
Potions
 g - a potion of resistance
 h - 5 potions of curing
 j - 2 potions of flight
 k - 2 potions of lignification
 t - a potion of magic {unknown}
 E - a potion of haste {unknown}
 H - a potion of brilliance
 Q - a potion of might
Comestibles
 d - a ration


   Skills:
 + Level 4.6 Fighting
 + Level 5.4 Short Blades
 + Level 4.6 Long Blades
 + Level 4.6 Axes
 + Level 4.6 Maces & Flails
 + Level 4.6 Polearms
 + Level 4.6 Staves
 + Level 4.6 Slings
 + Level 4.6 Bows
 + Level 4.6 Crossbows
 + Level 4.6 Throwing
 + Level 4.6 Armour
 + Level 6.6 Dodging
 + Level 7.6 Stealth
 + Level 4.6 Shields
 + Level 4.6 Unarmed Combat
 + Level 6.9 Spellcasting
 + Level 3.8 Conjurations
 + Level 6.7 Hexes
 + Level 3.8 Charms
 + Level 3.8 Summonings
 + Level 3.8 Necromancy
 + Level 3.8 Translocations
 + Level 3.8 Transmutations
 + Level 3.8 Fire Magic
 + Level 3.8 Ice Magic
 + Level 3.8 Air Magic
 + Level 3.8 Earth Magic
 + Level 3.8 Poison Magic
 + Level 5.1 Invocations
 + Level 4.6 Evocations


You had 8 spell levels left.
You knew the following spells:

 Your Spells              Type           Power        Failure   Level  Hunger
a - Corona                Hex            ######.      1%          1    None
b - Ensorcelled Hibernat  Hex/Ice        #####.       1%          2    None
c - Confuse               Hex            ######..     1%          3    None
d - Tukima's Dance        Hex            ######..     1%          3    None
e - Summon Small Mammal   Summ           ####         1%          1    None
f - Dazzling Spray        Conj/Hex       #####.       1%          3    None

Your spell library contained the following spells:

 Spells                   Type           Power        Failure   Level  Hunger
 Animate Skeleton         Necr           N/A          1%          1    None
 Apportation              Tloc           #####.       1%          1    None
 Beastly Appendage        Tmut           #####.       1%          1    None
 Confusing Touch          Hex            ######       1%          1    None
 Sticks to Snakes         Tmut           #####...     1%          2    None
 Spider Form              Tmut/Pois      #####.....   1%          3    None
 Ice Form                 Ice/Tmut       #####...     3%          4    ###....
 Blade Hands              Tmut           #####.....   10%         5    #####..


Dungeon Overview and Level Annotations

Branches:
Dungeon (11/15)            Temple (0/1) D:6
   Lair: D:8-11         Orc: D:9-12

Altars:
Cheibriados
Fedhas
Gozag
Kikubaaqudgha
Okawaru
Qazlal
Trog
Uskayaw
Xom


Innate Abilities, Weirdness & Mutations

Your experience applies equally to all skills.
You have very sharp teeth.
Your uncanny sense of smell can sniff out nearby items.


Message History

The troll completely misses you. x3; The orc wizard barely misses you.
The orc warrior completely misses you.
The purple ugly thing headbutts you but does no damage.
The wyvern bites you!
It was a potion of brilliance.
You feel clever all of a sudden. The troll bites you but does no damage.
The troll claws you. The troll claws you! The orc closely misses you.
The orc wizard misses you.
The wyvern bites you but does no damage.
The orc warrior hits you with a +0 mace!
* * * LOW HITPOINT WARNING * * *
The purple ugly thing completely misses you.
The troll closely misses you. x2; The troll completely misses you.
The orc wizard barely misses you. The orc closely misses you.
The wyvern misses you.
The wyvern bites you but does no damage.
The troll bites you!
* * * LOW HITPOINT WARNING * * *
The troll claws you.
You die...

+ #.# . #.######
.. #......# ...
#......#
....######......#
.............o..#
.............l@.#
#........oT.?#
#........ooo.#
#..........u..#
#.......#.....#
#.......#.....#
#.......#.....#
#$#######.....#
#. #.....#


You could see a purple ugly thing, a troll, an orc warrior, a wyvern, an orc
wizard and 3 orcs.

Vanquished Creatures
  Prince Ribbit (D:6)
  A hippogriff (D:8)
  Sigmund (D:5)
  4 vampire mosquitoes (D:8)
  Edmund (D:5)
  Menkaure (D:6)
  Duvessa (D:6)
  An orc warrior (D:7)
  An ice beast (D:5)
  A black bear (D:6)
  3 sky beasts
  An ogre (D:7)
  2 bullfrogs
  2 scorpions
  Dowan (D:6)
  6 crimson imps
  3 jellies
  4 orc priests
  8 orc wizards
  A centaur skeleton (D:4)
  2 iguanas
  4 worker ants
  A killer bee zombie (D:7)
  A hound zombie (D:5)
  2 worker ant zombies
  4 gnolls (D:5)
  9 adders
  A shadow imp (D:7)
  An adder zombie (D:6)
  4 worms (D:2)
  4 dart slugs
  A leopard gecko (D:1)
  13 orcs
  4 giant cockroaches
  7 goblins
  10 hobgoblins
  5 jackals
  4 quokkas
  2 ball pythons
  8 bats
  4 frilled lizards
  A jackal zombie (D:7)
  7 kobolds
  A quokka zombie (D:8)
  8 rats
152 creatures vanquished.

Vanquished Creatures (collateral kills)
  2 orcs
2 creatures vanquished.

Vanquished Creatures (others)
  A dancing weapon (D:4)
  A plant (D:6)
2 creatures vanquished.

Grand Total: 156 creatures vanquished

Notes
Turn   | Place    | Note
-------+----------+-------------------------------------------
     0 | D:1      | Afromullet the Gnoll Enchanter began the quest for the Orb.
     0 | D:1      | Reached XP level 1. HP: 13/13 MP: 6/6
   309 | D:1      | Reached XP level 2. HP: 19/19 MP: 7/7
   314 | D:1      | Learned a level 2 spell: Ensorcelled Hibernation
  1078 | D:1      | Reached XP level 3. HP: 17/25 MP: 7/9
  1173 | D:1      | Learned a level 3 spell: Confuse
  1177 | D:1      | Learned a level 3 spell: Tukima's Dance
  1195 | D:1      | Reached skill level 5 in Spellcasting
  1370 | D:1      | Reached skill level 6 in Stealth
  1380 | D:1      | Reached skill level 1 in Invocations
  1795 | D:2      | Reached skill level 1 in Fighting
  1795 | D:2      | Reached skill level 1 in Long Blades
  1795 | D:2      | Reached skill level 1 in Axes
  1795 | D:2      | Reached skill level 1 in Maces & Flails
  1795 | D:2      | Reached skill level 1 in Polearms
  1795 | D:2      | Reached skill level 1 in Staves
  1795 | D:2      | Reached skill level 1 in Slings
  1795 | D:2      | Reached skill level 1 in Bows
  1795 | D:2      | Reached skill level 1 in Crossbows
  1795 | D:2      | Reached skill level 1 in Throwing
  1795 | D:2      | Reached skill level 1 in Armour
  1795 | D:2      | Reached skill level 1 in Shields
  1795 | D:2      | Reached skill level 1 in Unarmed Combat
  1795 | D:2      | Reached skill level 1 in Evocations
  1853 | D:2      | Reached XP level 4. HP: 29/32 MP: 11/11
  2708 | D:3      | Reached skill level 1 in Conjurations
  2708 | D:3      | Reached skill level 1 in Charms
  2708 | D:3      | Reached skill level 1 in Summonings
  2708 | D:3      | Reached skill level 1 in Necromancy
  2708 | D:3      | Reached skill level 1 in Translocations
  2708 | D:3      | Reached skill level 1 in Transmutations
  2708 | D:3      | Reached skill level 1 in Fire Magic
  2708 | D:3      | Reached skill level 1 in Ice Magic
  2708 | D:3      | Reached skill level 1 in Air Magic
  2708 | D:3      | Reached skill level 1 in Earth Magic
  2708 | D:3      | Reached skill level 1 in Poison Magic
  2877 | D:3      | Found an iron altar of Okawaru.
  2891 | D:3      | Became a worshipper of Warmaster Okawaru
  2964 | D:3      | Reached XP level 5. HP: 35/37 MP: 8/12
  3550 | D:3      | Reached XP level 6. HP: 43/44 MP: 11/13
  3645 | D:3      | Found an opulent altar of Gozag.
  3678 | D:3      | Found a snail-covered altar of Cheibriados.
  3754 | D:3      | Found an ancient bone altar of Kikubaaqudgha.
  4061 | D:4      | Got a crystal hunting sling
  4062 | D:4      | Identified the cursed +3 hunting sling "Gunom" {speed, +Fly
                  | rC++ Dex-4} (You found it on level 4 of the Dungeon)
  4322 | D:4      | Reached skill level 5 in Dodging
  4571 | D:4      | Found an opulent altar of Gozag.
  4586 | D:4      | Found a stormy altar of Qazlal.
  4602 | D:4      | Found a hide-covered altar of Uskayaw.
  5077 | D:4      | Reached XP level 7. HP: 20/50 MP: 15/15
  5797 | D:5      | Entered Level 5 of the Dungeon
  6004 | D:5      | Reached * piety under Okawaru
  6595 | D:5      | Noticed Edmund
  6625 | D:5      | Killed Edmund
  6625 | D:5      | Reached XP level 8. HP: 57/57 MP: 9/16
  6661 | D:5      | Noticed Sigmund
  6678 | D:5      | Killed Sigmund
  7065 | D:6      | Reached ** piety under Okawaru
  7204 | D:6      | Noticed Menkaure
  7440 | D:6      | Noticed Prince Ribbit
  7452 | D:6      | Killed Prince Ribbit
  7452 | D:6      | Reached skill level 7 in Stealth
  7524 | D:6      | Found a staircase to the Ecumenical Temple.
  7544 | D:6      | Noticed Dowan
  7554 | D:6      | Killed Dowan
  7586 | D:6      | Learned a level 1 spell: Summon Small Mammal
  7590 | D:6      | Learned a level 3 spell: Dazzling Spray
  7653 | D:6      | Found a blossoming altar of Fedhas.
  7818 | D:6      | Noticed Duvessa
  7841 | D:6      | Killed Duvessa
  7843 | D:6      | Killed Menkaure
  7843 | D:6      | Reached XP level 9. HP: 50/65 MP: 14/18
  9539 | D:8      | Found a shimmering altar of Xom.
  9557 | D:8      | Reached *** piety under Okawaru
  9557 | D:8      | Reached skill level 5 in Short Blades
 10237 | D:8      | Reached skill level 5 in Invocations
 10917 | D:8      | Reached **** piety under Okawaru
 11086 | D:8      | Got a twitching graven amulet
 11188 | D:8      | Identified the amulet "Julik" {RegenMP Dex+4} (You found it
                  | on level 8 of the Dungeon)
 11409 | D:9      | Found a bloodstained altar of Trog.
 11413 | D:9      | You fall into a shaft and drop 2 floors!
 11462 | D:10     | Entered Level 10 of the Dungeon
 11462 | D:10     | Noticed a troll
 11462 | D:10     | Noticed a purple ugly thing
 11479 | D:10     | Slain by a troll

Levels and vault maps discovered:
D:1:      giann_horns, layout_loops_ring
D:2:      layout_basic, minmay_tromino_v4_a
D:3:      layout_basic, marbit_many_paths, nicolae_overflow_crystal_walls,
          cheibriados_altar_1, first_ration, grunt_gozag_statues
D:4:      layout_basic, minmay_overflow_temple_star_quad, grunt_decor_one_mirror
D:5:      layout_cave_pools, sigmund_edmund_badplayer, uniq_sigmund
D:6:      layout_loops_corners, minmay_temple_entry_stoned_glass,
          corexii_checkpoint_a, st_stairs_1, fedhas_ov_isle_minmay,
          uniq_menkaure, uniq_duvessa, uniq_prince_ribbit1
D:7:      layout_basic
D:8:      layout_rooms, xom_teletrap_fun, serial_curves, eino_curves_03,
          eino_curves_04, eino_curves_03
D:9:      layout_long_grid, bloody_trog, dpeg_oklobed_lair,
          hangedman_little_slice_of_home, lemuel_altar_in_water
D:10:     layout_basic, orc_0_dummy
D:11:     layout_layer_cave, serial_shops, shop_statue

Skill      XL: |  1  2  3  4  5  6  7  8  9 |
---------------+----------------------------+-----
Spellcasting   | 5 6 |  6.9
Stealth        | 6 7 |  7.6
Invocations    | 1 2 3 4 5 |  5.1
Fighting       | 1 2 3 4 |  4.6
Long Blades    | 1 2 3 4 |  4.6
Axes           | 1 2 3 4 |  4.6
Maces & Flails | 1 2 3 4 |  4.6
Polearms       | 1 2 3 4 |  4.6
Staves         | 1 2 3 4 |  4.6
Slings         | 1 2 3 4 |  4.6
Bows           | 1 2 3 4 |  4.6
Crossbows      | 1 2 3 4 |  4.6
Throwing       | 1 2 3 4 |  4.6
Armour         | 1 2 3 4 |  4.6
Shields        | 1 2 3 4 |  4.6
Unarmed Combat | 1 2 3 4 |  4.6
Evocations     | 1 2 3 4 |  4.6
Conjurations   | 1 2 3 |  3.8
Charms         | 1 2 3 |  3.8
Summonings     | 1 2 3 |  3.8
Necromancy     | 1 2 3 |  3.8
Translocations | 1 2 3 |  3.8
Transmutations | 1 2 3 |  3.8
Fire Magic     | 1 2 3 |  3.8
Ice Magic      | 1 2 3 |  3.8
Air Magic      | 1 2 3 |  3.8
Earth Magic    | 1 2 3 |  3.8
Poison Magic   | 1 2 3 |  3.8
Short Blades   | 3 4 5 |  5.4
Dodging        | 5 6 |  6.6
Hexes          | 6 |  6.7

Action                   |  1- 3 |  4- 6 |  7- 9 || total
-------------------------+-------+-------+-------++-------
Melee: Dagger            |   131 |    50 |       ||   181
       Bite              |    16 |    21 |    42 ||    79
       War axe           |       |    92 |       ||    92
       Punch             |       |     1 |     1 ||     2
       Flail             |       |    43 |   321 ||   364
Throw: Javelin           |       |     1 |     5 ||     6
 Cast: Corona            |     3 |       |     4 ||     7
       Ensorcelled Hiber |     6 |       |       ||     6
       Confuse           |     4 |    17 |    28 ||    49
       Tukima's Dance    |       |     3 |     5 ||     8
       Summon Small Mamm |       |       |     1 ||     1
       Dazzling Spray    |       |       |     1 ||     1
Invok: Heroism           |       |       |     3 ||     3
 Abil: Evoke Berserk Rag |       |     2 |     3 ||     5
Evoke: Wand              |       |     9 |    12 ||    21
  Use: Scroll            |     4 |     4 |    12 ||    20
       Potion            |       |     2 |     8 ||    10
 Stab: Sleeping          |     3 |     5 |     4 ||    12
       Confused          |     3 |     5 |    14 ||    22
       Distracted        |       |     1 |       ||     1
  Eat: Chunk             |     3 |     7 |     2 ||    12
       Ration            |       |     2 |     7 ||     9
Armor: Leather armour    |    27 |    47 |    27 ||   101
       Robe              |     1 |       |       ||     1
       Ring mail         |       |       |   122 ||   122
Dodge: Dodged            |    98 |   183 |   398 ||   679
